AoeStats
← kaib1249

Arabia

507202363Analyzed
1v1 RM · 13d ago on Sep 17, 2026· 35m 54s· 2 players
Game mode
Random Map
Map size
Tiny (2 player)
Population
200
Speed
Normal
Resources
Standard
Victory
Conquest
Starting age
Dark Age
Ending age
Imperial Age
RankedLock teamsTeams togetherTeam positionsShared explorationLock speedFull tech treeHidden civsTurbo modeCheats
Victory
Defeat
🇺🇸 Tatars · United States
611
+18
🇨🇦 Mongols · Canada
646
-18
kaib1249
5:45 Loom
12:42 Feudal Age
13:59 Double-Bit Axe
16:06 Town Watch
17:24 Fletching
23:32 Castle Age
21:33 Gold Mining
22:44 Padded Archer Armor
23:47 Crossbowman
24:25 Bodkin Arrow
26:38 Leather Archer Armor
29:39 Wheelbarrow
28:48 Horse Collar
29:26 Bow Saw
30:21 Ballistics
Luizmbl
3:01 Loom
10:55 Feudal Age
11:25 Double-Bit Axe
12:38 Horse Collar
14:38 Gold Mining
16:21 Stone Mining
17:39 Town Watch
24:36 Castle Age
23:16 Bloodlines
24:50 Fletching
25:00 Padded Archer Armor
26:08 Bodkin Arrow
26:58 Leather Archer Armor
28:08 Husbandry
31:21 Scale Barding Armor
Connection lost

Rejoining the realm…

Still unreachable

The connection could not be restored.

Session expired

The server has moved on; the page needs a fresh start.